 Dungeon Crawl Stone Soup version 0.30.1-10-g1249ef9ec4 (webtiles) character file.

Game seed: 15156496699075110847

44 Wiggles the Chopper (level 3, -5/33 HPs)
             Began as a Minotaur Berserker on Oct 26, 2023.
             Was a Believer of Trog.
             Slain by a gnoll
             ... wielding a +0 spear
              (6 damage)
             ... on level 2 of the Dungeon.
             The game lasted 00:01:18 (974 turns).

Wiggles the Chopper (Minotaur Berserker)             Turns: 974, Time: 00:01:18

Health: -5/33      AC:  2    Str: 29    XL:     3   Next: 39%
Magic:  2/2        EV: 12    Int:  4    God:    Trog [**....]
Gold:   26         SH:  0    Dex:  9    Spells: 2/2 levels left

rFire   . . .        a - +0 hand axe
rCold   . . .        (no shield)
rNeg    . . .        b - +0 animal skin
rPois   .            (helmet restricted)
rElec   .            (no cloak)
rCorr   .            (no gloves)
SInv    .            (no boots)
Will    .....        (no amulet)
Stlth   +            c - +6 ring of strength
HPRegen 0.25/turn    (no ring)
MPRegen 0.08/turn

%: no passive effects
@: on berserk cooldown, slowed, very slow
A: horns 2, retaliatory headbutt
a: Renounce Religion, Berserk, Trog's Hand


You were on level 2 of the Dungeon.
You worshipped Trog.
Trog was pleased with you.
You visited 1 branch of the dungeon, and saw 2 of its levels.

You collected 26 gold pieces.

Inventory:

Hand Weapons
 a - a +0 hand axe (weapon)
Missiles
 f - 2 throwing nets (quivered)
Armour
 b - a +0 animal skin (worn)
Jewellery
 c - a +6 ring of strength (left hand)
Scrolls
 d - 2 scrolls of identify {unknown}
 i - a scroll of poison {unknown}
Potions
 e - a potion of lignification {unknown}
 g - a potion of curing {unknown}
 h - a potion of resistance {unknown}


   Skills:
 + Level 4.2 Fighting
 + Level 4.4 Axes
 + Level 2.5 Armour
 + Level 2.7 Dodging
 + Level 0.2 Stealth


You had 2 spell levels left.
You didn't know any spells.
Your spell library was empty.

Dungeon Overview and Level Annotations

Branches:
Dungeon (2/15)

Altars:


Innate Abilities, Weirdness & Mutations

You have a pair of horns on your head.
You reflexively headbutt those who attack you in melee.


Message History

You are too injured to fight recklessly!
The kobold closely misses you.
You closely miss the kobold. The kobold completely misses you.
You closely miss the kobold. Your headbutt misses the kobold.
The kobold hits you but does no damage.
The gnoll hits you from afar with a +0 halberd!
You closely miss the kobold. The kobold hits you with a +0 dagger.
The gnoll barely misses you.
A red film seems to cover your vision as you go berserk!
You feel yourself moving faster!
You feel mighty! The kobold hits you with a +0 dagger. The gnoll misses you.
You closely miss the kobold. The kobold hits you with a +0 dagger.
A gnoll comes into view. It is wielding a +0 spear.
The gnoll barely misses you.
You barely miss the kobold. You slash the kobold!
You kill the kobold!
Trog accepts your kill.
The gnoll hits you from afar with a +0 halberd.
The gnoll hits you from afar with a +0 spear!
* * * LOW HITPOINT WARNING * * *
The gnoll hits you with a +0 halberd!
* * * LOW HITPOINT WARNING * * *
Things that are here:
a +0 dagger; 2 stones; a kobold corpse You closely miss the gnoll.
You slash the gnoll!
You kill the gnoll!
Trog accepts your kill. The gnoll misses you.
Found a stone staircase leading down.
The gnoll closely misses you. You furiously retaliate!
You headbutt the gnoll!
You see here a +0 halberd.
You feel a strong urge to attack something.
Things that are here:
a +0 dagger; 2 stones; a kobold corpse You are no longer berserk.
You are exhausted.
You feel yourself slow down. The gnoll hits you with a +0 spear.
You die...

#
#.###########
#..<.........
####.....###
#.<...#
#.....##
#####!.# ##)#
#.@# ###g>#
..# ##.. .#.
. .. # #


You could see a gnoll.

Vanquished Creatures
  A gnoll (D:2)
  3 ball pythons (D:1)
  4 bats (D:1)
  8 endoplasms (D:1)
  A giant cockroach (D:1)
  2 goblins (D:1)
  A hobgoblin (D:1)
  2 quokkas (D:1)
  3 frilled lizards (D:1)
  2 kobolds
  3 rats (D:1)
30 creatures vanquished.

Notes
Turn   | Place    | Note
-------+----------+-------------------------------------------
     0 | D:1      | Wiggles the Minotaur Berserker began the quest for the Orb.
     0 | D:1      | Reached XP level 1. HP: 19/19 MP: 0/0
    95 | D:1      | Found Cyfigoja's Assorted Antiques.
   160 | D:1      | Reached XP level 2. HP: 27/27 MP: 1/1
   415 | D:1      | Reached ** piety under Trog
   640 | D:1      | Reached XP level 3. HP: 33/33 MP: 2/2
   969 | D:2      | HP: 1/49 [gnoll/+0 halberd (10)]
   974 | D:2      | Slain by a gnoll

Illustrated notes

Levels and vault maps discovered:
D:1:      scummos_arrival_gate, layout_basic, serial_shops, shop
D:2:      layout_basic, st_stairs_7, chequers_serial_rivers_micro_a

Skill      XL: |  1  2 |
---------------+-------+-----
Axes           | 4 |  4.4
Fighting       | 4 |  4.2
Armour         | |  2.5
Dodging        | |  2.7
Stealth        | |  0.2

Action                     || total
---------------------------++-------
  Melee: Hand axe          ||    54
         Headbutt          ||     8
 Invoke: Berserk           ||     1
   Stab: Sleeping          ||     1
 Armour: Animal skin       ||     7
  Dodge: Dodged            ||    36
